Map: Heavy Artillery LE

Players

ountzountz - Winner!

  • Race: Terran Terran
  • League: Diamond
  • Spawn Location: 3:00

Benguigole - Winner!

  • Race: Zerg Zerg
  • Spawn Location: 1:00

qqq

  • Race: Zerg Zerg
  • Spawn Location: 7:00

Massa

  • Race: Terran Terran
  • League: Platinum
  • Spawn Location: 7:00

VOD

Have the link to the VOD?

Description

Time

  • Played on: Nov. 13, 2020, 4:38 p.m.
  • Length: 22:40
Show
View Real Time Build Order
Export as new Build Order

ountzountz Terran - Winner!

Build Orders:  

Get SALT Encoding   

  12  0:00  SCV  
  13  0:12  SCV  
  14  0:19  Supply Depot  
  14  0:25  SCV  
  15  0:41  SCV  
  16  0:43  Barracks  
  16  0:53  SCV  
  17  1:05  SCV  
  18  1:19  SCV, Command Center  
  19  1:30  Marine  
  20  1:41  Bunker  
  20  1:50  Barracks  
  20  1:54  Marine  
  20  1:56  Orbital Command  
  21  2:07  Refinery  
  21  2:12  Marine  
  22  2:22  SCV  
  23  2:25  Supply Depot  
  23  2:31  Orbital Command  
  22  3:04  Barracks Tech Lab  
  22  3:05  Bunker  
  22  3:08  SCV  
  23  3:15  Refinery  
  23  3:18  Barracks Tech Lab  
  23  3:24  Marauder  
  25  3:39  SCV  
  25  3:45  SCV  
  25  3:48  Factory  
  26  3:51  SCV  
  25  3:58  SCV  
  25  4:01  Supply Depot  
  26  4:03  SCV  
  26  4:06  Marauder  
  26  4:07  Stimpack  
  29  4:10  SCV, Supply Depot  
  29  4:15  SCV  
  29  4:16  Supply Depot  
  31  4:22  SCV  
  32  4:27  SCV, Marauder  
  35  4:32  Engineering Bay  
  35  4:34  SCV  
  36  4:39  SCV  
  37  4:46  Refinery  
  37  4:49  Marine  
  37  4:51  Starport  
  38  5:05  SCV x2  
  40  5:11  Marine  
  40  5:13  Factory Tech Lab  
  41  5:17  SCV x2  
  41  5:20  Missile Turret  
  43  5:21  Missile Turret  
  43  5:22  Terran Infantry Weapons Level 1  
  43  5:29  SCV x2  
  44  5:55  SCV x2  
  44  5:56  Marine  
  45  6:07  SCV x2, Missile Turret  
  45  6:08  Marine  
  45  6:09  Siege Tank  
  51  6:13  Starport Reactor  
  51  6:14  Marine  
  51  6:17  Missile Turret  
  52  6:18  Missile Turret  
  52  6:19  SCV x2  
  54  6:26  Marine  
  54  6:31  SCV, Marine  
  57  6:42  SCV  
  57  6:43  SCV  
  59  6:52  Medivac x2  
  59  6:53  Marine x2  
  65  6:54  Siege Tank  
  65  6:58  Barracks x2  
  65  6:59  Combat Shield  
  65  7:01  SCV x2  
  70  7:08  Supply Depot  
  70  7:09  Supply Depot  
  70  7:11  Marine  
  70  7:13  SCV x2  
  73  7:17  Terran Infantry Armor Level 1  
  55  7:44  Marine x2  
  55  7:50  Viking x2  
  55  7:51  Missile Turret  
  61  8:01  Barracks Reactor  
  61  8:02  Barracks Reactor, Marine  
  57  8:20  Medivac x2  
  53  8:28  SCV x2  
  53  8:30  Marine x2  
  57  8:40  SCV x2  
  57  8:41  Marine x2  
  59  8:42  Marine x2  
  59  8:48  Marine x2  
  63  8:52  SCV  
  63  8:53  SCV  
  67  8:59  Marine x4  
  70  9:04  SCV  
  70  9:05  SCV  
  70  9:06  Marine x2  
  69  9:16  Marine  
  69  9:17  SCV, Marine x3, Missile Turret  
  69  9:18  SCV  
  69  9:23  Missile Turret  
  69  9:24  Marine x2  
  75  9:29  SCV  
  75  9:30  SCV  
  76  9:34  Marine  
  76  9:35  Marine  
  77  9:42  SCV x2, Marine x4  
  83  9:54  SCV x2  
  85  10:06  SCV x2  
  87  10:08  Marine x3  
  87  10:09  Marine x3  
  93  10:18  SCV  
  93  10:19  SCV  
  74  10:56  Marine  
  74  10:57  Marine x5  
  80  11:14  Marine x3  
  80  11:15  Marine x3  
  86  11:32  Marine x5  
  84  11:35  SCV  
  84  11:36  SCV  
  90  11:47  SCV  
  90  11:48  SCV  
  92  11:59  SCV  
  92  12:00  SCV  
  94  12:10  Missile Turret  
  94  12:11  Missile Turret  
  94  12:16  Supply Depot  
  94  12:17  SCV  
  94  12:18  SCV, Supply Depot  
  88  12:30  SCV  
  84  12:38  Marine x6  
  85  12:44  Siege Tank  
  85  12:45  Medivac  
  85  12:46  Medivac  
  85  12:48  Barracks  
  85  12:50  Supply Depot  
  92  12:52  Supply Depot  
  92  12:53  Command Center  
  92  12:55  Marine  
  92  12:56  Marine x5  
  98  13:09  SCV x2  
  100  13:13  Marine  
  100  13:14  Marine x4  
  105  13:21  SCV x2  
  107  13:33  SCV  
  83  13:58  Marine x6  
  83  14:00  Siege Tank  
  89  14:12  Planetary Fortress  
  89  14:15  Marine  
  89  14:16  Marine x5  
  95  14:22  Armory  
  95  14:28  Missile Turret  
  95  14:30  Missile Turret  
  95  14:33  Marine  
  95  14:34  Marine  
  95  14:35  Marine  
  95  14:36  Marine x3  
  101  14:45  Barracks Reactor  
  101  14:47  Siege Tank  
  101  14:51  Marine x2  
  106  14:53  Marine  
  106  14:54  Marine x3  
  110  15:09  Marine x2  
  110  15:11  Marine x2  
  114  15:14  Medivac x2  
  114  15:16  SCV x2  
  114  15:19  Terran Infantry Weapons Level 2  
  120  15:21  Engineering Bay  
  120  15:24  Supply Depot  
  120  15:26  Supply Depot  
  120  15:28  SCV x2  
  122  15:40  SCV x2  
  124  15:49  Missile Turret  
  124  15:50  Refinery  
  124  15:51  Refinery  
  124  16:02  Marine  
  124  16:03  Marine x3  
  131  16:04  Siege Tank  
  131  16:05  Medivac x2  
  131  16:07  SCV x2  
  131  16:09  Command Center  
  131  16:10  Supply Depot x2  
  137  16:19  SCV x2  
  139  16:28  Missile Turret x2  
  139  16:29  Missile Turret x2  
  139  16:38  Missile Turret  
  126  16:56  Marine  
  126  16:57  Marine x7  
  128  17:02  Terran Infantry Armor Level 2  
  128  17:07  Supply Depot  
  125  17:09  Supply Depot  
  125  17:14  Marine  
  125  17:15  Marine x7  
  132  17:19  Siege Tank  
  132  17:21  Medivac x2  
  140  17:30  Planetary Fortress, Supply Depot  
  140  17:32  Marine x3  
  140  17:33  Marine x5  
  140  17:34  Refinery  
  148  17:50  Marine x3  
  125  18:54  Starport, Marine x4  
  125  18:55  Marine x4  
  133  18:57  Starport  
  133  18:59  Starport  
  129  19:12  Marine x6  
  129  19:13  Marine x2  
  95  19:29  Marine  
  95  19:30  Marine x7  
  95  19:31  Viking x2  
  107  19:37  Terran Infantry Weapons Level 3, Terran Infantry Armor Level 3  
  106  19:38  Terran Ship Weapons Level 1  
  105  19:47  Marine  
  105  19:48  Marine x2  
  105  19:51  Siege Tank  
  111  19:54  Marine x5  
  115  20:05  Marine  
  115  20:06  Starport Reactor x2, Marine x2  
  117  20:07  Starport Reactor  
  117  20:08  Viking x2  
  117  20:12  Marine x5  
  120  20:23  Marine x3, Siege Tank  
  126  20:29  Marine  
  126  20:30  Marine x4  
  129  20:38  Viking x2  
  129  20:41  Marine x3  
  136  20:47  Marine  
  136  20:48  Marine x3  
  136  20:49  Marine  
  141  20:58  Marine  
  141  20:59  Marine x2, Viking x5  
  152  21:05  Marine x2  
  152  21:06  Marine x2  
  152  21:07  Marine  
  153  21:16  Marine  
  153  21:17  Marine x2  
  154  21:44  Marine x7  
  154  21:45  Marine  
  162  22:01  Marine  
  162  22:02  Marine x4  
Show
View Real Time Build Order
Export as new Build Order

Benguigole Zerg - Winner!

Build Orders: Hatch First 

Get SALT Encoding   

  12  0:00  Drone  
  13  0:14  Overlord  
  13  0:19  Drone  
  14  0:33  Drone  
  15  0:37  Drone  
  16  0:55  Hatchery  
  15  1:00  Drone x2  
  17  1:10  Spawning Pool  
  16  1:18  Drone  
  17  1:21  Extractor, Drone  
  17  1:33  Drone  
  18  1:46  Drone  
  19  1:51  Drone  
  20  1:57  Queen  
  22  2:09  Queen  
  22  2:10  Overlord  
  24  2:23  Roach Warren  
  24  2:24  Drone x3  
  24  2:25  Drone  
  27  3:01  Overlord x2  
  27  3:03  Roach  
  27  3:04  Roach x3  
  35  3:28  Roach x2  
  35  3:29  Hatchery, Roach x3  
  44  3:43  Drone x2, Overlord  
  46  3:48  Drone  
  46  3:49  Drone  
  48  4:08  Drone x3  
  48  4:09  Drone x3  
  54  4:24  Drone  
  54  4:25  Drone  
  54  4:27  Extractor  
  55  4:41  Overlord x2  
  55  4:47  Lair, Overlord  
  55  4:48  Drone, Overlord  
  55  4:49  Drone x4, Queen  
  62  4:56  Drone x3  
  65  5:01  Evolution Chamber  
  65  5:03  Evolution Chamber  
  65  5:05  Drone x2  
  65  5:07  Drone  
  64  5:26  Drone  
  64  5:27  Drone x5  
  64  5:28  Drone, Overlord  
  71  5:43  Drone x2, Overlord x2  
  73  6:00  Spore Crawler  
  73  6:01  Spore Crawler  
  73  6:03  Spore Crawler  
  62  6:22  Drone x2  
  62  6:23  Drone  
  62  6:24  Spore Crawler  
  56  6:26  Spore Crawler  
  56  6:28  Glial Reconstitution  
  55  6:33  Spore Crawler  
  55  6:34  Extractor  
  55  6:35  Extractor  
  55  6:36  Drone x2  
  55  6:37  Drone x3  
  55  6:39  Extractor  
  56  6:40  Extractor  
  56  6:46  Spore Crawler  
  54  6:47  Drone  
  54  6:48  Drone x5, Spore Crawler  
  59  6:56  Spore Crawler  
  59  7:00  Drone x4  
  59  7:01  Drone  
  63  7:03  Drone x2  
  63  7:05  Drone x4  
  63  7:06  Drone x3  
  63  7:07  Drone x2  
  74  7:10  Zerg Missile Weapons Level 1, Zerg Ground Armor Level 1  
  74  7:11  Drone  
  74  7:12  Drone  
  76  7:18  Overseer  
  76  7:53  Roach  
  76  7:54  Roach x13  
  76  7:55  Overlord  
  76  7:56  Overlord  
  104  8:24  Infestation Pit, Roach  
  104  8:25  Overlord x2  
  104  8:26  Roach x6  
  117  8:29  Tunneling Claws, Burrow  
  117  8:51  Roach x11  
  117  8:52  Roach  
  141  9:09  Roach x4  
  149  9:12  Overlord  
  149  9:16  Queen  
  147  9:22  Spore Crawler  
  148  9:24  Spore Crawler  
  148  9:28  Spore Crawler  
  148  9:30  Roach x3  
  148  9:31  Overlord x6, Roach  
  155  9:32  Overlord x2  
  155  9:33  Zerg Ground Armor Level 2, Zerg Missile Weapons Level 2  
  155  9:38  Spore Crawler  
  156  9:45  Roach  
  156  9:46  Roach x2  
  160  9:57  Hatchery  
  159  10:05  Roach x3  
  159  10:06  Roach x3  
  171  10:10  Roach x37  
  159  10:39  Roach  
  159  10:40  Roach x10  
  171  11:07  Roach x13  
  151  11:30  Roach x3  
  133  11:58  Drone x3  
  133  11:59  Drone x5  
  127  12:09  Drone x6, Queen  
  127  12:10  Drone  
  136  12:17  Hive  
  136  12:23  Spore Crawler  
  136  12:24  Spore Crawler x3  
  136  12:26  Spine Crawler, Spore Crawler  
  136  12:29  Spine Crawler  
  129  12:31  Spine Crawler  
  129  12:34  Roach x8  
  126  12:46  Roach x11  
  126  12:47  Roach x8  
  126  12:50  Overlord  
  126  12:51  Extractor, Overlord x2  
  159  12:52  Extractor  
  142  13:16  Roach x4  
  142  13:20  Roach x3  
  142  13:27  Roach x6  
  142  13:31  Zerg Melee Weapons Level 1, Zerg Ground Armor Level 3  
  142  13:32  Ultralisk Cavern  
  131  14:01  Roach x3  
  127  14:15  Drone x5  
  127  14:16  Drone x2  
  126  14:25  Chitinous Plating  
  126  14:27  Ultralisk  
  126  14:28  Ultralisk x12  
  176  14:58  Metabolic Boost  
  162  15:06  Hatchery  
  161  15:16  Roach x15  
  161  15:17  Roach x4  
  199  15:28  Drone x12  
  194  15:41  Ultralisk x2  
  186  15:44  Anabolic Synthesis  
  186  15:45  Spore Crawler  
  186  15:46  Spore Crawler x2  
  186  15:47  Spore Crawler x2  
  186  15:49  Spore Crawler  
  144  16:16  Adrenal Glands  
  120  16:29  Queen  
  116  16:38  Roach  
  116  16:39  Roach x14  
  160  16:40  Roach x7  
  154  16:51  Drone  
  154  16:52  Drone x5, Queen  
  162  17:01  Roach x11  
  162  17:04  Roach x8  
  162  17:16  Spore Crawler  
  162  17:18  Spore Crawler  
  160  17:33  Roach x19  
  160  17:37  Spore Crawler x2  
  160  17:39  Spore Crawler  
  157  17:46  Ultralisk  
  157  17:47  Ultralisk x6  
  199  17:51  Roach x17  
  161  18:32  Ultralisk  
  161  18:33  Ultralisk x5  
  197  18:50  Roach x17  
  197  18:51  Roach x14  
  197  18:57  Spire  
  152  19:31  Zerg Melee Weapons Level 2  
  152  19:32  Zerg Missile Weapons Level 3  
  152  19:39  Roach x5  
  152  19:40  Roach x19  
  196  20:00  Hatchery  
  166  20:26  Ultralisk  
  166  20:27  Ultralisk x5  
  179  20:43  Roach  
  179  20:44  Roach  
  165  21:40  Extractor  
  165  21:41  Extractor  
  163  21:59  Hatchery  
Show
View Real Time Build Order
Export as new Build Order

qqq Zerg 

Build Orders: Hatch First 

Get SALT Encoding   

  12  0:00  Drone  
  13  0:14  Drone  
  14  0:43  Hatchery  
  13  0:52  Spawning Pool  
  12  1:01  Drone  
  13  1:05  Overlord  
  13  1:10  Drone  
  14  1:16  Extractor  
  13  1:25  Drone  
  13  1:26  Drone  
  15  1:39  Drone  
  16  1:51  Drone  
  16  1:53  Queen  
  19  1:58  Queen  
  21  2:03  Drone  
  22  2:17  Drone  
  23  2:25  Drone x2  
  23  2:26  Drone x2  
  27  2:43  Drone  
  28  2:53  Hatchery  
  28  2:56  Lair  
  27  2:59  Drone  
  27  3:02  Extractor  
  27  3:05  Overlord  
  27  3:08  Zergling x2  
  28  3:14  Overlord  
  28  3:23  Zergling x2  
  28  3:24  Zergling x4  
  28  3:25  Zergling x2  
  32  3:27  Zergling x2  
  33  3:37  Zergling x2  
  33  3:38  Drone x2  
  36  3:49  Drone  
  36  3:50  Drone x2  
  39  3:56  Spire  
  38  4:11  Drone x3  
  41  4:17  Queen  
  41  4:18  Drone x2  
  41  4:19  Drone  
  46  4:27  Extractor, Overlord  
  46  4:28  Extractor  
  46  4:29  Drone  
  46  4:31  Drone  
  46  4:34  Drone  
  46  4:38  Overlord  
  47  4:40  Drone  
  47  4:44  Drone x2  
  50  4:53  Drone x2  
  52  5:02  Drone x2  
  52  5:04  Overlord  
  52  5:05  Overlord  
  52  5:06  Drone x2  
  56  5:10  Zerg Flyer Weapons Level 1  
  56  5:13  Mutalisk  
  58  5:19  Drone  
  58  5:20  Drone, Mutalisk  
  60  5:30  Mutalisk  
  60  5:31  Mutalisk x2  
  60  5:32  Drone  
  60  5:33  Drone  
  65  5:47  Mutalisk x2  
  65  5:48  Mutalisk  
  69  5:54  Queen  
  69  5:57  Mutalisk  
  69  6:18  Mutalisk x2  
  71  6:35  Drone x4  
  71  6:36  Drone x2, Mutalisk  
  79  6:52  Hatchery  
  79  6:53  Mutalisk x2  
  80  6:55  Drone x2  
  82  7:05  Overlord x2  
  82  7:10  Zerg Flyer Armor Level 1  
  82  7:11  Hatchery  
  82  7:14  Extractor  
  80  7:16  Extractor  
  80  7:17  Mutalisk  
  79  7:46  Mutalisk x3  
  79  7:47  Drone  
  79  7:48  Drone x8  
  94  8:02  Drone x2, Overlord  
  94  8:03  Overlord  
  94  8:04  Mutalisk  
  92  8:28  Mutalisk x3  
  92  8:29  Mutalisk  
  92  8:30  Drone x2  
  92  8:31  Drone x7  
  107  8:42  Queen  
  107  8:43  Drone x3  
  107  8:44  Drone x4, Mutalisk x3  
  122  8:52  Infestation Pit  
  122  8:53  Evolution Chamber  
  122  8:55  Evolution Chamber  
  119  9:04  Zerg Flyer Weapons Level 2  
  111  9:34  Mutalisk x5  
  111  9:36  Drone x5  
  126  9:39  Overlord x2  
  126  9:40  Overlord x7  
  126  9:41  Overlord x4  
  126  10:00  Hive  
  126  10:02  Zerg Melee Weapons Level 1, Zerg Ground Armor Level 1  
  126  10:03  Mutalisk x3  
  126  10:05  Zergling x4  
  126  10:06  Drone x5  
  139  10:20  Hatchery  
  116  10:48  Mutalisk x3  
  116  10:49  Mutalisk x3  
  114  11:07  Drone  
  114  11:08  Drone x6, Mutalisk x2  
  79  11:32  Mutalisk x5  
  74  11:34  Drone x4  
  88  11:46  Overseer  
  87  11:55  Drone x4  
  87  12:03  Mutalisk  
  87  12:05  Drone x5  
  88  12:32  Drone x4  
  80  12:44  Pneumatized Carapace  
  80  12:53  Mutalisk  
  82  13:00  Drone  
  82  13:01  Drone x5  
  88  13:14  Drone  
  88  13:16  Drone  
  90  13:21  Corruptor  
  90  13:22  Corruptor  
  90  13:23  Overlord  
  90  13:24  Drone x2  
  60  13:56  Drone x4  
  60  13:57  Drone x3  
  60  13:58  Drone x2  
  68  14:20  Spire  
  68  14:21  Drone x2  
  68  14:23  Metabolic Boost  
  68  14:29  Drone x6  
  73  14:32  Drone  
  74  14:41  Zergling x4  
  74  14:42  Drone  
  77  14:56  Hatchery  
  76  15:04  Drone x5  
  76  15:05  Drone  
  82  15:10  Spine Crawler, Spore Crawler  
  82  15:12  Drone x2, Spine Crawler, Spore Crawler  
  71  15:31  Drone x2  
  71  15:32  Drone x2  
  72  15:41  Drone x3  
  75  15:50  Greater Spire  
  75  16:14  Drone  
  75  16:15  Drone x6  
  82  16:23  Drone  
  83  16:27  Corruptor  
  83  16:29  Drone  
  69  16:45  Corruptor  
  69  16:47  Drone x3  
  73  16:54  Hatchery  
  73  16:59  Drone x3  
  74  17:08  Corruptor x3  
  74  17:09  Drone x2  
  82  17:26  Drone  
  82  17:27  Drone x2, Corruptor  
  82  17:29  Brood Lord x2  
  93  17:30  Brood Lord x2  
  95  17:42  Corruptor x2  
  99  18:06  Brood Lord x2  
  103  18:17  Brood Lord  
  103  18:18  Drone x3  
  103  18:19  Drone x3  
  97  18:40  Brood Lord  
  99  18:44  Drone x3  
  99  18:45  Drone  
  103  18:53  Extractor x2  
  97  19:13  Hatchery  
  97  19:14  Hatchery x2  
  78  19:20  Brood Lord x2  
  78  19:23  Overlord x3  
  78  19:24  Overlord x3  
  78  19:25  Drone x3  
  81  19:35  Corruptor  
  81  19:38  Drone  
  84  19:45  Spawning Pool  
  79  19:54  Corruptor x2  
  77  20:02  Drone x2  
  79  20:09  Corruptor x2  
  79  20:10  Corruptor  
  79  20:11  Drone  
  86  20:26  Extractor, Brood Lord  
  86  20:28  Extractor  
  58  21:09  Drone x2  
  58  21:10  Drone x4  
  60  21:21  Corruptor x6  
  60  21:22  Drone  
  60  21:23  Drone x5  
  60  21:25  Drone x3  
  65  21:40  Hatchery  
  65  21:44  Hatchery  
  63  21:53  Brood Lord  
  63  22:10  Brood Lord  
  63  22:11  Corruptor  
  61  22:19  Drone  
  61  22:20  Drone x7  
  61  22:21  Drone  
Show
View Real Time Build Order
Export as new Build Order

Massa Terran 

Build Orders:  

Get SALT Encoding   

  12  0:00  SCV  
  13  0:12  SCV  
  14  0:24  SCV  
  14  0:25  Supply Depot  
  15  0:47  Refinery, SCV  
  15  0:49  Barracks  
  16  0:59  SCV  
  17  1:11  SCV  
  18  1:23  SCV  
  19  1:35  SCV  
  19  1:39  Reaper  
  21  1:49  Orbital Command  
  21  1:51  Command Center  
  21  2:11  Marine  
  22  2:21  SCV, Factory  
  23  2:22  Supply Depot  
  22  2:58  Supply Depot  
  22  3:00  Barracks Reactor  
  22  3:07  Hellion  
  22  3:12  Orbital Command  
  24  3:24  Supply Depot  
  24  3:28  Hellion  
  24  3:29  SCV  
  27  3:40  SCV  
  28  3:41  SCV, Marine x2  
  31  3:49  Hellion  
  33  3:59  Marine x2  
  33  4:01  Barracks  
  35  4:13  SCV x2  
  37  4:20  Command Center  
  37  4:23  Engineering Bay  
  37  4:25  SCV x2  
  37  4:27  Refinery  
  37  4:28  Starport  
  39  4:31  Marine x2  
  39  4:37  SCV  
  42  4:49  Marine x2  
  44  5:05  Armory  
  44  5:06  Starport Tech Lab  
  44  5:07  Marine  
  46  5:17  Marine  
  45  5:21  Factory Tech Lab  
  45  5:29  Banshee  
  45  5:35  Marine  
  48  5:42  Barracks x2  
  48  5:44  Barracks  
  43  5:53  Siege Tank  
  46  6:12  Banshee  
  49  6:36  Barracks  
  49  6:40  SCV  
  49  6:41  SCV  
  49  6:46  Missile Turret  
  51  6:49  Missile Turret  
  51  6:53  SCV x2  
  53  6:56  Barracks Reactor, Barracks Tech Lab  
  53  6:57  Barracks Tech Lab, Supply Depot  
  53  6:59  Supply Depot  
  53  7:00  Cloaking Field  
  53  7:01  Medivac  
  53  7:05  SCV x2  
  57  7:22  Supply Depot  
  57  7:24  Supply Depot  
  57  7:25  Refinery x2  
  57  7:37  SCV x2  
  59  7:39  Planetary Fortress  
  59  7:49  SCV x2  
  61  7:59  Barracks Reactor  
  61  8:01  SCV x2  
  63  8:13  SCV x2  
  63  8:14  Siege Tank  
  68  8:20  SCV  
  68  8:25  SCV x2  
  68  8:26  Missile Turret  
  71  8:32  SCV  
  72  8:37  SCV x2  
  74  8:50  Medivac  
  76  9:02  Marauder x2  
  80  9:03  Marine x4  
  84  9:14  SCV x3  
  87  9:18  Refinery  
  87  9:19  Refinery  
  87  9:20  Medivac  
  87  9:21  Marine x2  
  87  9:24  Marauder x2  
  95  9:26  SCV x2  
  95  9:27  Command Center  
  95  9:28  Siege Tank  
  100  9:31  Marine  
  100  9:32  Marine  
  100  9:36  Terran Infantry Weapons Level 1  
  102  9:38  Marine  
  102  9:39  Marine  
  102  9:40  Engineering Bay  
  102  9:42  Barracks Tech Lab  
  102  9:44  Combat Shield, Stimpack  
  102  9:45  Marauder x2  
  108  9:49  Marine  
  109  9:59  Supply Depot  
  109  10:01  Supply Depot  
  109  10:03  Supply Depot x2  
  109  10:05  Concussive Shells  
  109  10:21  Marauder, Marine x4, Medivac  
  117  10:23  Marauder x2, Siege Tank  
  117  10:24  Supply Depot  
  117  10:26  Supply Depot  
  117  10:27  Supply Depot  
  124  10:30  Supply Depot  
  88  10:39  Marine x4  
  84  10:43  Marauder  
  84  10:44  Marauder x2  
  84  10:46  Supply Depot  
  84  10:48  Supply Depot  
  88  10:50  Planetary Fortress  
  88  10:51  Medivac  
  88  10:52  SCV x3  
  88  10:55  Supply Depot  
  88  10:56  Marine x4  
  88  11:04  SCV, Marauder  
  88  11:06  Marauder x2  
  66  11:25  Marauder  
  49  11:42  Marauder x2, Marine x2  
  49  11:45  Terran Infantry Weapons Level 2  
  49  11:46  Terran Infantry Armor Level 1  
  53  11:47  Marauder  
  51  12:00  Marine x2  
  53  12:03  Marine  
  53  12:04  Barracks x2  
  53  12:05  Barracks  
  53  12:07  Barracks  
  53  12:08  Marine  
  55  12:11  Barracks  
  55  12:15  Factory  
  55  12:16  Orbital Command  
  55  12:18  Command Center  
  55  12:27  Marauder  
  55  12:28  Marauder, Marine  
  55  12:29  Marine x2  
  62  12:32  Banshee  
  62  12:35  SCV  
  66  12:44  SCV  
  67  12:46  Marine  
  67  12:47  SCV, Marine x2  
  67  12:49  Marauder x2  
  75  12:56  SCV  
  75  12:59  SCV  
  75  13:04  Marine x3  
  79  13:08  SCV  
  79  13:10  Marauder x2  
  79  13:11  SCV  
  85  13:20  SCV  
  85  13:22  Marine x3  
  89  13:32  Marauder x2  
  93  13:39  Marine  
  93  13:49  Orbital Command  
  93  13:53  Marauder x2  
  96  14:02  SCV  
  97  14:10  Refinery  
  97  14:11  Refinery  
  97  14:14  SCV, Marauder x2  
  103  14:24  SCV  
  103  14:26  SCV  
  104  14:36  SCV  
  105  14:38  SCV  
  105  14:44  Missile Turret  
  105  14:48  SCV  
  105  14:50  SCV  
  96  15:00  SCV  
  96  15:02  Missile Turret  
  96  15:04  Missile Turret  
  96  15:07  SCV x3  
  99  15:10  Barracks Reactor x2, Barracks Tech Lab x2  
  99  15:12  SCV  
  99  15:13  Barracks Reactor  
  101  15:14  Factory Tech Lab  
  101  15:19  SCV x3  
  104  15:24  SCV  
  104  15:26  Marauder x2  
  104  15:27  Marine  
  104  15:28  Marine x3  
  114  15:31  SCV x3  
  114  15:34  Barracks Tech Lab  
  116  15:36  SCV  
  116  15:41  Medivac  
  119  15:45  Marine  
  119  15:46  Marine x3  
  119  15:47  Marauder  
  119  15:48  Marauder  
  119  15:49  Starport, SCV  
  100  16:03  Marine x2  
  100  16:04  Marine x2  
  86  16:09  Marauder x2, Siege Tank  
  87  16:11  Medivac  
  79  16:21  Marine x2  
  82  16:30  Marauder x2  
  85  16:46  SCV x2  
  85  16:47  SCV  
  88  16:51  Marine  
  88  16:52  Marauder  
  91  16:58  SCV x2  
  91  16:59  SCV  
  94  17:07  Command Center  
  94  17:09  Missile Turret  
  94  17:10  SCV  
  94  17:11  SCV  
  96  17:16  Marauder x3, Marine x3  
  96  17:17  Marine  
  96  17:18  Siege Tank  
  109  17:26  Barracks  
  108  17:32  Sensor Tower  
  108  17:37  Marauder x2  
  108  17:38  SCV x3  
  108  17:44  Command Center  
  115  17:50  SCV x3, Siege Tank  
  121  17:53  Marauder, Marine x5  
  121  17:54  Marine x3  
  131  17:59  Marauder x2  
  131  18:02  SCV  
  136  18:11  Marine x5  
  136  18:12  Marine x3  
  137  18:14  Marauder  
  124  18:20  Marauder x2  
  124  18:22  Siege Tank  
  131  18:29  Marine x5  
  131  18:30  Marine x3  
  139  18:36  Marauder  
  141  18:41  Marauder, Marine  
  141  18:46  Marine  
  141  18:47  Marine x4  
  141  18:48  Liberator, Marine  
  150  18:54  Siege Tank  
  156  18:57  Marauder  
  156  18:59  Marauder  
  160  19:03  Marauder  
  158  19:18  Marauder  
  158  19:21  Marauder  
  162  19:24  Marauder  
  162  19:26  Siege Tank  
  162  19:30  Medivac  
  169  19:31  Medivac  
  168  19:40  Marauder  
  168  19:42  Marauder  
  171  19:46  Marauder  
  170  19:56  Marine x3  
  170  19:57  Marine x5  
  178  20:00  Medivac  
  178  20:01  Marauder  
  178  20:04  Marauder  
  184  20:07  Marauder  
  184  20:14  Marine x8  
  182  20:17  Liberator  
  180  20:23  Marauder  
  180  20:25  Marauder  
  181  20:30  Marine  
  181  20:31  Liberator  
  181  20:32  Marine  
  108  21:00  Liberator  
  111  21:12  Command Center  
  111  21:14  Liberator  
  91  21:22  Command Center  
  82  21:30  Marauder x3, Marine  
  82  21:31  Marine x7  
  96  21:33  Siege Tank  
  99  21:42  Liberator  
  102  21:48  Marine  
  102  21:49  Marine x7  
  102  21:51  Marauder x3  
  116  22:05  Siege Tank  
  116  22:06  Marine  
  116  22:07  Marine x5  
Tags
 
Add a new tag
Caveats
  • Supply blocks, unpowered buildings, or Contaminate may cause inaccurate times.
  • Supply counts are checked every 10 seconds.